 Dungeon Crawl Stone Soup version 0.21-a0-91-ga5031da (webtiles) character file.

820879 Lavandula the Eclecticist (level 24, -46/183 HPs)
             Began as a Mummy Arcane Marksman on June 27, 2017.
             Was the Champion of Kikubaaqudgha.
             Killed by dispel undead
             ... invoked by Ikoan the pandemonium lord
              (92 damage)
             ... in Pandemonium on June 29, 2017.
             The game lasted 11:51:59 (50452 turns).

Lavandula the Eclecticist (Mummy Arcane Marksman)  Turns: 50452, Time: 11:52:00

Health: -46/183    AC: 17    Str: 17    XL:     24   Next: 73%
Magic:  14/46      EV: 21    Int: 30    God:    Kikubaaqudgha [******]
Gold:   7820       SH:  8    Dex: 14    Spells: 1/61 levels left

rFire    + . .     SeeInvis +   a - staff of energy
rCold    + + +     Gourm    .   D - +3 buckler {rF+}
rNeg     + + +     Faith    .   I - +2 robe of Vasaw {rF+ rC+ MR+ Str+3}
rPois    ∞         Spirit   .   o - +2 helmet of Nihilism {rC+ rN+ Regen+ Int+4}
rElec    .         Reflect  .   i - +2 cloak {MR+}
rCorr    .         Harm     .   e - +2 pair of gloves of the Nine Spirits {Int+5}
MR       +++++                  B - +2 pair of boots {run}
Stlth    +++++.....             U - amulet of magic regeneration
HPRegen  0.80/turn              b - ring of see invisible
MPRegen  0.55/turn              T - ring of wizardry

@: very slightly contaminated, deflect missiles, quick
A: no food or potions, fire vulnerability, cold resistance 1, negative energy
resistance 3, torment resistance, unbreathing, in touch with death 1
}: 13/15 runes: barnacled, slimy, silver, golden, iron, obsidian, icy, bone,
demonic, glowing, fiery, dark, gossamer
a: Receive Corpses, Torment, Renounce Religion


You were in Pandemonium.
You worshipped Kikubaaqudgha.
Kikubaaqudgha was exalted by your worship.
You were not hungry.

You visited 17 branches of the dungeon, and saw 81 of its levels.
You visited Pandemonium 2 times, and saw 17 of its levels.
You visited 1 ziggurat, and saw 10 of its levels.

You collected 10639 gold pieces.
You spent 2819 gold pieces at shops.

Inventory:

Hand Weapons
 g - the +4 staff of Dispater
   (You took it off Dispater on level 7 of the Iron City of Dis)
 K - the +7 sceptre of Asmodeus
   (You took it off Asmodeus on level 7 of Gehenna)
 L - the +6 sword of Cerebov {flame}
   (You took it off Cerebov in Pandemonium)

   It has been specially enchanted to burn those struck by it, causing extra
   injury to most foes and up to half again as much damage against particularly
   susceptible opponents.
   Big, fiery blades are also staple armaments of hydra-hunters.
 Q - a +4 demon trident of electrocution
Missiles
 l - 17 poisoned javelins (quivered)
 H - 8 throwing nets
Armour
 e - the +2 pair of gloves of the Nine Spirits (worn) {Int+5}
   (You found it on level 7 of the Iron City of Dis)

   It affects your intelligence (+5).
 h - a +3 troll leather armour
 i - a +2 cloak of magic resistance (worn)
 o - the +2 helmet of Nihilism (worn) {rC+ rN+ Regen+ Int+4}
   (You found it on level 15 of the Dungeon)

   It affects your intelligence (+4).
   It protects you from cold.
   It protects you from negative energy.
   It increases your rate of regeneration.
 B - a +2 pair of boots of running (worn)
 D - a +3 buckler of fire resistance (worn)
 I - the +2 robe of Vasaw (worn) {rF+ rC+ MR+ Str+3}
   (You found it on level 3 of the Tomb of the Ancients)

   It affects your strength (+3).
   It protects you from fire.
   It protects you from cold.
   It affects your resistance to hostile enchantments.
 S - +2 fire dragon scales
 W - +0 ice dragon scales
Magical Staves
 a - an uncursed staff of energy (weapon)
 k - an uncursed staff of air
 s - an uncursed staff of death
 z - an uncursed staff of wizardry
Jewellery
 b - a ring of see invisible (left hand)
 m - an uncursed ring of protection from magic
 q - the amulet of the Postmodern Tales {rPois Regen+ Int+3}
   (You found it in Pandemonium)

   [amulet of regeneration]

   It affects your intelligence (+3).
   It protects you from poison.
   It increases your rate of regeneration.
 u - the ring of Xom's Passing Interest {*Contam rF+ rC+ MR+}
   (You found it in Pandemonium)

   [ring of protection from cold]

   It protects you from fire.
   It protects you from cold.
   It affects your resistance to hostile enchantments.
   It causes magical contamination when unequipped.
 v - an uncursed ring of ice
 w - the amulet of Icupt {Reflect Str+4 Slay+4 SH+3}
   (You acquired it on level 2 of the Tomb of the Ancients)

   [amulet of reflection]

   It shields you and reflects attacks.
   It affects your strength (+4).
   It affects your accuracy and damage with ranged weapons and melee attacks
   (+4).
   It affects your SH (+3).
 J - the ring "Huetid" {rCorr Int+3 Stlth+}
   (You found it on level 7 of Gehenna)

   [ring of resist corrosion]

   It affects your intelligence (+3).
   It makes you more stealthy.
 T - a ring of wizardry (right hand)
 U - an amulet of magic regeneration (around neck)
 V - the amulet of Okawaru's Hatred {Spirit *Slow rPois Dex+8 Stlth+}
   (You found it on level 5 of the Pits of Slime)

   [amulet of guardian spirit]

   It causes incoming damage to be split between your health and magic.
   It affects your dexterity (+8).
   It protects you from poison.
   It may slow you when you take damage.
   It makes you more stealthy.
 Y - the ring "Neirust" {rF+ Dex+3}
   (You found it in Pandemonium)

   [ring of protection from fire]

   It affects your dexterity (+3).
   It protects you from fire.
Wands
 P - a wand of clouds (5/9)
 Z - a wand of digging (9/24)
Scrolls
 j - a scroll of torment
 p - 8 scrolls of recharging
 r - 4 scrolls of amnesia
 t - 7 scrolls of fog
 x - 4 scrolls of teleportation
 y - 6 scrolls of magic mapping
 C - 3 scrolls of immolation
 N - 14 scrolls of remove curse
 R - 2 scrolls of fear
Books
 n - the Disquisition on Mutagenic Summoning
   (You found it on level 7 of the Iron City of Dis)

   Spells                             Type                      Level
   a - Beastly Appendage              Transmutation                1
   b - Call Canine Familiar           Summoning                    3
   c - Summon Forest                  Summoning/Translocation      5
   d - Aura of Abjuration             Summoning                    5
   e - Shadow Creatures               Summoning                    6
 A - a book of Alchemy

   Spells                             Type                      Level
   a - Sublimation of Blood           Necromancy                   2
   b - Ignite Poison                  Fire/Transmutation/Poison    3
   c - Petrify                        Transmutation/Earth          4
   d - Alistair's Intoxication        Transmutation/Poison         5
   e - Irradiate                      Conjuration/Transmutation    5
 E - a book of Dreams

   Spells                             Type                      Level
   a - Ensorcelled Hibernation        Hexes/Ice                    2
   b - Silence                        Hexes/Air                    5
   c - Darkness                       Hexes                        6
   d - Shadow Creatures               Summoning                    6
Miscellaneous
 c - a crystal ball of energy
 d - the horn of Geryon
 f - a phial of floods
 F - a lamp of fire
 G - 6 sacks of spiders
 M - a lightning rod (3/4)
 O - 6 boxes of beasts
 X - 2 phantom mirrors


   Skills:
 - Level 13.6 Fighting
 - Level 6.4 Polearms
   Level 8.2 Crossbows
 - Level 4.4 Armour
 - Level 13.9 Dodging
 - Level 11.0 Stealth
 - Level 5.6 Shields
 - Level 19.0 Spellcasting
   Level 2.0 Conjurations
   Level 6.8 Hexes
 - Level 5.3 Charms
 - Level 7.0 Summonings
 - Level 18.0 Necromancy
 - Level 15.5 Translocations
   Level 3.0 Fire Magic
 - Level 4.0 Ice Magic
 - Level 3.9 Air Magic
 + Level 13.7 Evocations


You had one spell level left.
You knew the following spells:

 Your Spells              Type           Power        Failure   Level  Hunger
a - Blink                 Tloc           N/A          0%          2    N/A
b - Simulacrum            Ice/Necr       #######...   1%          6    N/A
c - Infestation           Necr           ########..   2%          8    N/A
d - Haunt                 Necr/Summ      ########..   2%          7    N/A
e - Controlled Blink      Tloc           N/A          6%          8    N/A
f - Deflect Missiles      Chrm/Air       ######....   13%         6    N/A
g - Apportation           Tloc           ######       0%          1    N/A
h - Passwall              Tmut/Erth      ####......   1%          2    N/A
i - Ozocubu's Armour      Chrm/Ice       ######..     1%          3    N/A
j - Summon Lightning Spi  Summ/Air       ######..     1%          4    N/A
k - Control Undead        Necr           ########..   0%          4    N/A
l - Passage of Golubria   Tloc           N/A          0%          4    N/A
m - Shroud of Golubria    Chrm/Tloc      ######....   1%          2    N/A
n - Summon Butterflies    Summ           ######..     1%          1    N/A
o - Swiftness             Chrm/Air       ######..     1%          2    N/A

Dungeon Overview and Level Annotations

Branches:
Dungeon (15/15)            Temple (1/1) D:7            Lair (6/6) D:10
 Shoals (4/4) Lair:2       Spider (4/4) Lair:4        Slime (5/5) Lair:5
    Orc (2/2) D:11            Elf (1/3) Orc:2        Vaults (5/5) D:14
  Crypt (3/3) Vaults:2       Tomb (3/3) Crypt:3      Depths (3/5) D:15
   Hell (1/1)                 Dis (7/7) Hell            Geh (7/7) Hell
    Coc (7/7) Hell            Tar (7/7) Hell

Altars:
Ashenzari
Dithmenos
Elyvilon
Fedhas
Gozag
Kikubaaqudgha
Ru
Sif Muna
Uskayaw
Vehumet
Wu Jian
Xom
Yredelemnul
Zin
The Shining One

Shops:
D:4 (   D:9 (   D:11 !   Orc:2 *=((   Shoals:3 :!=}   Vaults:2 !

Portals:
Hell: Depths:1 Depths:3
Abyss: Depths:3
Pandemonium: Depths:3
Ziggurat: Depths:2

Annotations:
D:14 Rupert
Lair:6 Nessos
Shoals:1 exclusion: downstairs, Nikola
Shoals:3 shops!
Elf:1 Azrael


Innate Abilities, Weirdness & Mutations

You do not eat or drink.
Your flesh is vulnerable to fire.
You are immune to poison.
Your flesh is cold resistant. (rC+)
You are immune to negative energy. (rN+++)
You are immune to unholy pain and torment.
You can survive without breathing.
You are in touch with the powers of death.


Message History

Welcome back, Lavandula the Mummy Arcane Marksman.
Kikubaaqudgha says: Spread unending torment and darkness!
Press ? for a list of commands and other information.
Evoke which item? (* to show all) (? for menu, Esc to quit)
Okay, then.
Press: ? - help, v - describe, . - travel
Here: Ikoan (translocational energy, slightly transparent)
The floor.
Cast which spell? (? or * to list)
You blink.
A tormentor comes into view.
Ikoan gestures at you.
You convulse!
* * * LOW HITPOINT WARNING * * *
Ikoan sneers, "Accept thy failure, thou cockered tip-merry puttock!"
Ikoan gestures at you.
You convulse!
Ouch! That really hurt!
You die...
Kikubaaqudgha rasps: "You have failed me!
Welcome... oblivion!"

..... .## .. .3.. ##.#
3 ... ##..#### # ..
..###......## .. ...
#.#........## ..
...###...........##.#
##................#
##.........&.......##
#.....#§########@....#
#...(.#.##....2.......#
......#.#.######.....##
......#b##..#.##.....#
......#b#6...# #....##
.####.#b#4∩..# #4..##
##. ..##§# #..## ..#
.#### #... #### .4.


You could see Ikoan (invisible), a tormentor (wandering) and a chaos spawn
(wandering).

Vanquished Creatures
  A greater mummy (Tomb:2)
  Saint Roka (Depths:3)
  An ancient champion (Tomb:2)
  A shadow dragon (Vaults:5)
  A ghost moth (Spider:4)
  An emperor scorpion (Spider:3)
  2 ironheart preservers (Vaults:1)
  A stone giant (Depths:2)
  2 ghouls (Crypt:3)
  A spark wasp (Depths:2)
  The ghost of Asanbosam the Cleaver, a journeyman DDFi of Makhleb (D:14)
  3 mummy priests
  An eidolon (Zig:10)
  An ettin (Depths:2)
  2 jiangshi
  A merfolk impaler (Shoals:3)
  3 vault guards (Vaults:5)
  A ghost crab (Tar:6)
  6 hydras
  A rakshasa (Vaults:1)
  An ice dragon (Vaults:5)
  A merfolk aquamancer (Lair:2)
  5 two-headed ogres
  A death knight (D:9)
  4 centaur warriors
  2 deep troll shamans (Vaults:1)
  A vampire mage (Depths:2)
  A tengu warrior (D:9)
  2 orc high priests (Orc:2)
  13 death scarabs
  A titan zombie (Crypt:3)
  A deep elf knight (Vaults:1)
  A slime creature (D:13)
  Nergalle (Lair:1)
  A shadow wraith (Vaults:5)
  11 deep trolls
  A ghost moth zombie (Geh:4)
  2 sea snakes
  2 shadow demons (Tar:7)
  10 skeletal warriors
  5 flayed ghosts
  A golden dragon zombie (Crypt:3)
  A golden dragon skeleton (Tomb:2)
  An orc knight (Vaults:1)
  3 phantasmal warriors
  An anaconda skeleton (Coc:4)
  A harpy (Shoals:1)
  An iron dragon zombie (Tomb:2)
  A deep elf mage (D:14)
  2 orb spiders (Spider:4)
  3 orc sorcerers
  2 manticores
  A faun (Shoals:2)
  4 ugly things
  10 wolf spiders
  3 cyclopes
  Maurice (D:11)
  A merfolk siren (Shoals:1)
  A black mamba (Lair:5)
  A centaur zombie (D:11)
  A gargoyle (D:14)
  5 spiny frogs
  4 kobold demonologists
  4 komodo dragons
  2 rime drakes
  2 demonic crawlers
  4 freezing wraiths
  A yaktaur (D:15)
  6 merfolk
  9 guardian mummies
  A death yak skeleton (Crypt:1)
  4 trolls
  5 jumping spiders
  An ice dragon zombie (Zig:2)
  A tyrant leech (Lair:6)
  A fire dragon zombie (Hell)
  3 snapping turtles
  An ettin zombie (Dis:7)
  A minotaur skeleton (Crypt:1)
  3 hippogriffs
  A blink frog (Lair:6)
  37 flying skulls
  3 shadows
  18 redbacks
  2 water elementals
  2 wraiths
  A vampire (D:14)
  A wyvern (D:10)
  8 large abominations (Pan)
  5 humans (D:14)
  7 tarantellas
  A steam dragon (D:11)
  8 yaks
  3 vampire mosquitoes (Lair:6)
  A hungry ghost (Tar:7)
  4 wargs
  A soldier ant (D:9)
  An acid dragon (D:13)
  4 water moccasins
  Duvessa (D:7)
  2 porcupines (Lair:1)
  2 black bears
  18 orc warriors
  2 phantoms
  2 sky beasts (D:7)
  A wolf (Lair:6)
  2 eyes of draining
  3 ice beasts
  4 necrophages
  17 ogres
  3 boggarts (Vaults:1)
  11 centaurs
  A manticore skeleton (Crypt:3)
  8 crocodiles
  4 big kobolds
  9 bullfrogs
  A wyvern zombie (D:10)
  A spiny frog simulacrum (Coc:1)
  Dowan (D:7)
  3 scorpions
  11 killer bees
  An electric eel (Vaults:2)
  18 wights
  A polar bear skeleton (Crypt:1)
  3 hounds
  2 quasits (D:7)
  2 bullfrog zombies (D:9)
  6 jellies
  10 orc priests
  4 centaur skeletons
  A bullfrog skeleton (D:4)
  An iron imp (Depths:1)
  Terence (D:3)
  4 iguanas
  18 orc wizards
  5 worker ants
  A centaur simulacrum (D:9)
  A big kobold zombie (Crypt:1)
  3 hound skeletons
  15 mummies
  A worker ant zombie (D:6)
  Robin (D:3)
  8 adders
  3 gnolls (D:7)
  A howler monkey skeleton (D:6)
  A scorpion zombie (Crypt:2)
  3 shadow imps
  A white imp (Coc:6)
  An ooze (D:5)
  2 adder skeletons
  3 worms
  2 dart slugs (D:1)
  5 leopard geckos
  59 orcs
  4 giant cockroaches
  7 hobgoblins
  5 jackals
  20 kobolds
  5 quokkas
  10 bats
  2 frilled lizards
  12 goblins
  2 goblin skeletons
  A jackal skeleton (D:6)
  A jackal zombie (D:7)
  6 rats
675 creatures vanquished.

Vanquished Creatures (collateral kills)
  Cerebov (Pan)
  Asmodeus (Geh:7)
  Antaeus (Coc:7)
  Ereshkigal (Tar:7)
  the Royal Jelly (Slime:5)
  Mnoleg (Pan)
  Gloorx Vloq (Pan)
  A seraph (Pan)
  the Serpent of Hell (Geh:7)
  5 ancient liches
  3 pandemonium lords
  Dispater (Dis:7)
  Mara (Shoals:3)
  A juggernaut (Depths:2)
  28 greater mummies
  Frederick (Vaults:5)
  A shard shrike (Coc:5)
  Geryon (Hell)
  2 golden dragons
  3 bone dragons
  Jorgrun (Shoals:4)
  16 Brimstone Fiends
  3 doom hounds
  6 iron giants
  14 Tzitzimimeh
  16 Ice Fiends
  4 liches
  6 Hell Sentinels
  5 tentacled monstrosities
  18 acid blobs
  3 titans (Vaults:5)
  6 quicksilver dragons
  5 sphinxes
  14 Executioners (Pan)
  The ghost of Asanbosam the Champion of Chaos, an adept DDFi of Makhleb (Spider:4)
  A kraken (Shoals:4)
  6 shadow dragons
  10 ancient champions
  3 storm dragons
  8 warmongers (Pan)
  Ilsuiw (Shoals:4)
  Donald (Shoals:1)
  5 tengu reavers
  6 revenants
  4 azure jellies
  7 frost giants
  11 iron dragons
  2 draconian knights (Zig:6)
  8 fire giants
  6 vault wardens
  Aizul (Lair:2)
  The ghost of Dragoran the Imperceptible, an adept SpEn of Dithmenos (Shoals:1)
  A draconian scorcher (Zig:8)
  5 emperor scorpions (Spider:4)
  A ghost moth (Spider:4)
  14 cacodemons
  A deep elf elementalist (Vaults:5)
  4 angels (Pan)
  3 curse skulls
  2 ghouls
  3 ironheart preservers
  16 balrugs
  A caustic shrike zombie (Crypt:1)
  A draconian annihilator (Zig:6)
  3 elemental wellsprings
  12 stone giants
  12 war gargoyles
  17 very ugly things
  4 blood saints (Pan)
  A spriggan defender (Depths:2)
  33 reapers
  8 vampire knights
  An entropy weaver (Spider:4)
  8 lorocyprocas
  11 bennus
  A deep elf annihilator (Vaults:5)
  2 apis (Pan)
  7 ophanim (Pan)
  7 corrupters (Pan)
  2 spark wasps (Depths:2)
  5 black suns (Pan)
  A white draconian (Zig:6)
  2 purple draconians (Zig:6)
  An eidolon (Zig:10)
  A small abomination (Depths:2)
  4 merfolk javelineers
  10 blizzard demons
  4 deep elf death magi
  18 mummy priests
  2 quicksilver dragon zombies
  8 green deaths
  10 death oozes
  4 ettins (Vaults:5)
  2 crystal guardians (Crypt:3)
  6 great orbs of eyes
  A fire dragon (Vaults:1)
  4 jiangshi
  2 deep elf high priests (Vaults:5)
  6 rakshasas
  21 vault guards (Vaults:5)
  8 ice dragons
  2 quicksilver dragon skeletons
  6 merfolk impalers
  3 monstrous demonspawn (Pan)
  7 yaktaur captains
  2 hydras (Lair:6)
  2 hell beasts
  3 merfolk avatars
  A ghost crab (Tar:7)
  A spriggan air mage (Depths:2)
  3 centaur warriors
  2 satyrs
  9 merfolk aquamancers
  27 death scarabs
  6 ogre magi
  8 dancing weapons
  3 death knights
  3 titan zombies
  19 two-headed ogres
  6 deep troll earth magi
  13 hell hogs
  3 deep troll shamans
  3 tengu warriors
  6 vampire magi
  17 soul eaters
  A spriggan berserker (Depths:2)
  2 deep elf knights
  A fire crab (Shoals:2)
  2 titan skeletons
  2 orc high priests (Orc:2)
  38 sun demons
  4 storm dragon zombies
  11 shadow wraiths
  2 iron golems
  12 deep trolls
  4 anaconda zombies
  A golden dragon zombie (Crypt:3)
  A death drake (Tar:6)
  24 sixfirhies (Pan)
  10 hell knights
  10 cherubim (Pan)
  9 flayed ghosts
  65 skeletal warriors
  7 infernal demonspawn (Pan)
  A storm dragon skeleton (Tar:7)
  2 ghost moth zombies
  6 gelid demonspawn (Pan)
  17 sea snakes
  A glowing orange brain (Vaults:4)
  4 torturous demonspawn (Pan)
  17 shadow demons
  12 phantasmal warriors
  An obsidian statue (Zig:5)
  3 deep elf archers
  4 golden dragon skeletons
  8 orc knights
  24 harpies
  A harpy (shapeshifter) (Vaults:5)
  3 wolf spider zombies
  2 anaconda skeletons
  13 deep elf magi
  5 orb spiders (Spider:4)
  A tengu skeleton (Zig:2)
  7 ironbrand convokers
  2 iron dragon zombies
  4 oklob plants
  9 necromancers
  31 ugly things
  4 frost giant zombies
  8 fauns
  15 wolf spiders
  An orb spider (shapeshifter) (Vaults:5)
  5 stone giant zombies
  6 fire giant zombies
  7 manticores
  5 orc sorcerers
  11 cyclopes
  3 shadow dragon skeletons
  A shining eye (Slime:5)
  2 moths of wrath (Spider:4)
  3 elephants (Lair:6)
  2 fire giant skeletons
  12 smoke demons (Pan)
  6 merfolk sirens
  3 dire elephant zombies
  2 centaur zombies
  5 frost giant skeletons
  3 vault sentinels
  3 water nymphs (Shoals:4)
  An ice statue (Hell)
  39 rust devils
  4 eyes of devastation (Slime:5)
  3 stone giant skeletons
  2 iron dragon skeletons
  2 black mambas
  12 spiny frogs
  15 orange demons
  20 hellions
  2 emperor scorpion zombies
  8 molten gargoyles (Geh:7)
  A centaur skeleton (D:15)
  A shock serpent skeleton (Crypt:3)
  6 spectral swamp worms
  4 komodo dragons
  35 yaktaurs
  22 tormentors
  3 efreet
  3 kobold demonologists
  A rime drake (Lair:6)
  17 demonic crawlers
  19 freezing wraiths
  An anaconda simulacrum (Coc:7)
  A yaktaur skeleton (Vaults:3)
  21 red devils
  21 ice devils
  26 guardian mummies
  4 hellwings (Pan)
  A human skeleton (Vaults:3)
  A catoblepas skeleton (Tar:7)
  9 hydra zombies
  13 jumping spiders
  A tengu conjurer (D:15)
  2 harpy zombies (Dis:4)
  3 trolls
  25 merfolk
  A minotaur zombie (Dis:7)
  2 tyrant leeches (Lair:6)
  A wind drake (shapeshifter) (Vaults:1)
  A hornet (Spider:1)
  3 wind drakes
  3 hydra skeletons
  17 blink frogs (Lair:6)
  An iron dragon simulacrum (Tomb:2)
  A harpy skeleton (Geh:7)
  6 bog bodies
  27 slime creatures
  4 hippogriffs
  11 dream sheep
  6 ettin zombies
  A fire dragon zombie (Geh:1)
  10 snapping turtles
  2 ice dragon zombies
  6 alligator zombies
  A hippogriff (shapeshifter) (Vaults:5)
  A meliai zombie (D:12)
  A black mamba zombie (Geh:7)
  An alligator skeleton (Coc:4)
  An ice dragon skeleton (Tar:7)
  10 large abominations (Pan)
  An air elemental (Zig:5)
  54 flying skulls
  A spriggan (D:11)
  12 water elementals
  33 redbacks
  29 yaks
  A satyr skeleton (Crypt:1)
  13 wraiths
  24 ushabtiu
  5 ettin skeletons
  2 fire dragon skeletons
  10 tarantellas
  10 shadows
  10 ynoxinuls (Pan)
  3 black mamba skeletons
  3 fire bats (Shoals:2)
  A wyvern (Lair:3)
  29 fire elementals
  2 hungry ghosts
  A yaktaur simulacrum (Vaults:3)
  A golden eye (Slime:5)
  10 humans (D:14)
  5 chaos spawn (Pan)
  13 neqoxecs (Pan)
  Grum (Lair:1)
  7 vampire mosquitoes
  A warg (Vaults:1)
  A soldier ant (D:13)
  A soldier ant (shapeshifter) (Vaults:1)
  A merfolk zombie (Geh:7)
  4 spiny frog zombies
  An acid dragon (shapeshifter) (Vaults:4)
  4 water moccasins
  A porcupine (D:10)
  31 hell hounds
  A sky beast (D:15)
  14 orc warriors
  A swamp drake (shapeshifter) (Depths:2)
  3 ice beasts
  2 spiny frog skeletons
  2 phantoms
  10 necrophages
  5 wolves
  7 eyes of draining
  11 ogres
  5 boggarts
  A centaur (shapeshifter) (Vaults:3)
  5 centaurs
  4 snapping turtle skeletons
  A manticore skeleton (Coc:7)
  A swamp dragon skeleton (Tar:7)
  5 crocodiles
  2 big kobolds (D:14)
  15 bullfrogs
  An elf skeleton (Tar:6)
  27 wights
  2 electric eels (Lair:6)
  7 crimson imps
  5 orc priests
  6 iron imps
  9 orc wizards
  An iguana (Lair:2)
  A lightning spire (Zig:6)
  28 mummies
  3 shadow imps
  8 white imps
  18 orcs
  10 kobolds
  A kobold skeleton (Geh:7)
  4 crawling corpses
  A fire vortex (Pan)
  7 fungi
  63 plants
  2 tentacles (Shoals:4)
2294 creatures vanquished.

Vanquished Creatures (others)
  An ancient lich (Tomb:3)
  A fire giant (Geh:7)
  An emperor scorpion (Spider:4)
  An elemental wellspring (Coc:4)
  A bennu (Tomb:2)
  A monstrous demonspawn (Pan)
  A hell hog (Geh:4)
  A deep elf knight (Zig:5)
  A sixfirhy (Pan)
  A wolf spider (Lair:4)
  A salamander (shapeshifter) (Vaults:5)
  A gargoyle (D:14)
  A rust devil (Dis:4)
  A hellion (Geh:7)
  An ice dragon skeleton (Geh:7)
  A redback (Spider:4)
  2 flying skulls (Tar:2)
  3 shadows
  3 water elementals (Depths:1)
  A vampire (D:15)
  A merfolk skeleton (Tar:2)
  A necrophage (Tar:2)
  2 boggarts (Depths:2)
  A centaur (Zig:7)
  A wight (Geh:1)
  A crimson imp (Geh:7)
  3 mummies
  An adder (D:2)
  An orc skeleton (Geh:4)
  A crawling corpse (Vaults:5)
  2 fire vortices (Pan)
  3 fungi
  28 plants
  2 tentacles (Shoals:4)
73 creatures vanquished.

Grand Total: 3042 creatures vanquished

Notes
Turn   | Place    | Note
-------+----------+-------------------------------------------
     0 | D:1      | Lavandula the Mummy Arcane Marksman began the quest for the Orb.
     0 | D:1      | Reached XP level 1. HP: 15/15 MP: 2/2
   548 | D:1      | Reached XP level 2. HP: 16/21 MP: 2/4
   948 | D:2      | Found a faded altar of an unknown god.
   959 | D:2      | Found a shimmering altar of Xom.
   960 | D:2      | Noticed an angel
  1046 | D:2      | Reached XP level 3. HP: 24/26 MP: 2/5
  1049 | D:2      | Found a glowing silver altar of Zin.
  1073 | D:2      | Noticed Terence
  1617 | D:3      | Reached XP level 4. HP: 20/32 MP: 4/6
  2284 | D:4      | Reached XP level 5. HP: 36/37 MP: 5/7
  2449 | D:4      | Noticed an ogre
  2686 | D:4      | Learned a level 2 spell: Slow
  2791 | D:3      | Found a blossoming altar of Fedhas.
  2891 | D:3      | Reached skill level 5 in Crossbows
  2921 | D:4      | Reached XP level 6. HP: 43/43 MP: 8/8
  2956 | D:4      | Found Xituw's Weapon Shop.
  2970 | D:5      | Entered Level 5 of the Dungeon
  3165 | D:5      | Found an opulent altar of Gozag.
  3263 | D:4      | Found an ornate altar of the Wu Jian Council.
  4006 | D:6      | Reached XP level 7. HP: 42/48 MP: 5/9
  4095 | D:6      | Learned a level 3 spell: Conjure Flame
  4151 | D:6      | Reached skill level 1 in Conjurations
  4987 | D:5      | Found a hide-covered altar of Uskayaw.
  4987 | D:5      | Noticed a dagger
  4987 | D:5      | Noticed a dagger
  5040 | D:5      | Reached skill level 1 in Fire Magic
  5097 | D:7      | Noticed Duvessa
  5097 | D:7      | Noticed Dowan
  5691 | D:7      | Found a shattered altar of Ashenzari.
  6233 | D:7      | Got a slimy hand crossbow
  6234 | D:7      | Identified the cursed +1 hand crossbow of Sunlight {elec, Dex+4} (You found it on level 7 of the Dungeon)
  6357 | D:7      | Reached XP level 8. HP: 57/57 MP: 7/10
  6507 | D:7      | Found a staircase to the Ecumenical Temple.
  6516 | Temple   | Entered the Ecumenical Temple
  6531 | Temple   | Became a worshipper of Kikubaaqudgha
  6703 | D:7      | Reached skill level 5 in Fighting
  6963 | D:8      | Learned a level 1 spell: Flame Tongue
  7056 | D:8      | Reached skill level 2 in Spellcasting
  7069 | D:8      | Learned a level 4 spell: Cause Fear
  7238 | D:7      | Reached skill level 3 in Spellcasting
  7277 | D:7      | Killed Dowan
  7277 | D:7      | Reached skill level 4 in Spellcasting
  7308 | D:7      | Killed Duvessa
  7308 | D:7      | Reached skill level 5 in Spellcasting
  7523 | D:7      | Reached skill level 6 in Spellcasting
  7523 | D:7      | Reached XP level 9. HP: 69/69 MP: 2/18
  7568 | D:7      | Reached * piety under Kikubaaqudgha
  7568 | D:7      | Identified Kikubaaqudgha's Incunabulum of Evil (Kikubaaqudgha gifted it to you on level 7 of the Dungeon)
  7568 | D:7      | Received a gift from Kikubaaqudgha
  7627 | D:7      | Learned a level 1 spell: Pain
  7863 | D:7      | Reached skill level 1 in Necromancy
  8174 | D:3      | Killed Terence
  8221 | D:3      | Noticed Robin
  8237 | D:3      | Killed Robin
  8268 | D:3      | Learned a level 3 spell: Vampiric Draining
  8270 | D:3      | Learned a level 1 spell: Animate Skeleton
  8273 | D:3      | Learned a level 2 spell: Corpse Rot
  8762 | D:8      | Identified a scroll of acquirement
  8764 | D:8      | Got a brightly glowing shield
  8770 | D:8      | Identified the -4 shield of Ru's Whim {Int+5} (You acquired it on level 8 of the Dungeon)
  8846 | D:8      | Reached skill level 5 in Necromancy
  9006 | D:9      | Noticed a purple ugly thing
  9043 | D:9      | Noticed a death knight
  9140 | D:9      | Reached skill level 7 in Spellcasting
  9159 | D:9      | Learned a level 4 spell: Summon Lightning Spire
  9254 | D:9      | Found Noebrue's Weapon Boutique.
  9273 | D:9      | Reached ** piety under Kikubaaqudgha
  9334 | D:9      | Noticed a tengu warrior
  9337 | D:9      | Noticed a komodo dragon
  9365 | D:9      | Killed a tengu warrior
  9365 | D:9      | Reached skill level 9 in Spellcasting
  9365 | D:9      | Reached XP level 10. HP: 56/76 MP: 12/23
  9371 | D:9      | Learned a level 4 spell: Control Undead
  9459 | D:9      | Found a shadowy altar of Dithmenos.
  9508 | D:9      | Killed a purple ugly thing
  9963 | D:9      | Reached *** piety under Kikubaaqudgha
  9963 | D:9      | Identified Kikubaaqudgha's Collected Works on Evil (Kikubaaqudgha gifted it to you on level 9 of the Dungeon)
  9963 | D:9      | Received a gift from Kikubaaqudgha
  9975 | D:9      | Learned a level 4 spell: Animate Dead
 10187 | D:9      | Noticed a two-headed ogre
 10711 | D:9      | Killed a death knight
 10711 | D:9      | Reached skill level 5 in Hexes
 10954 | D:9      | Killed a two-headed ogre
 11099 | D:10     | Entered Level 10 of the Dungeon
 11132 | D:10     | Reached XP level 11. HP: 81/81 MP: 19/24
 11158 | D:10     | Learned a level 2 spell: Blink
 11355 | D:10     | Reached skill level 10 in Spellcasting
 11398 | D:10     | Reached **** piety under Kikubaaqudgha
 11431 | D:10     | Found a staircase to the Lair.
 11466 | Lair:1   | Entered Level 1 of the Lair of Beasts
 11516 | D:10     | Noticed a two-headed ogre
 11578 | D:10     | Killed a two-headed ogre
 11634 | D:10     | Noticed a two-headed ogre
 11658 | D:10     | Killed a two-headed ogre
 11658 | D:10     | Reached skill level 11 in Spellcasting
 11672 | D:10     | Learned a level 3 spell: Mephitic Cloud
 11681 | D:10     | Noticed a white ugly thing
 11697 | D:10     | Killed a white ugly thing
 12009 | D:10     | Got a brightly glowing bronze ring
 12010 | D:10     | Identified the ring "Ejaomn" {*Tele Str+7} (You found it on level 10 of the Dungeon)
 12081 | D:11     | Noticed Maurice
 12097 | D:11     | Killed Maurice
 12097 | D:11     | Reached skill level 12 in Spellcasting
 12570 | D:11     | Found a staircase to the Orcish Mines.
 12688 | Orc:1    | Entered Level 1 of the Orcish Mines
 12818 | D:11     | Reached skill level 1 in Summonings
 13033 | Orc:2    | Entered Level 2 of the Orcish Mines
 13040 | Orc:2    | Reached skill level 1 in Air Magic
 13124 | Orc:2    | Found a staircase to the Elven Halls.
 13143 | Orc:2    | Noticed an orc sorcerer
 13167 | Orc:2    | Killed an orc sorcerer
 13587 | Orc:2    | Reached ***** piety under Kikubaaqudgha
 13764 | Orc:2    | Noticed an orc high priest
 13793 | Orc:2    | Killed an orc high priest
 13901 | Orc:2    | Noticed an orc sorcerer
 13914 | Orc:2    | Noticed an orc sorcerer
 13916 | Orc:2    | Noticed an orc knight
 13934 | Orc:2    | Killed an orc sorcerer
 13955 | Orc:2    | Killed an orc knight
 13955 | Orc:2    | Reached skill level 1 in Evocations
 14036 | Orc:2    | Noticed an orc high priest
 14065 | Orc:2    | Killed an orc high priest
 14107 | Orc:2    | Killed an orc sorcerer
 14112 | Orc:2    | Noticed an orc knight
 14124 | Orc:2    | Killed an orc sorcerer
 14125 | Orc:2    | Killed an orc knight
 14138 | Orc:2    | Noticed an orc knight
 14144 | Orc:2    | Noticed an orc sorcerer
 14175 | Orc:2    | Killed an orc knight
 14211 | Orc:2    | Killed an orc sorcerer
 14214 | Orc:2    | Noticed an orc high priest
 14217 | Orc:2    | Killed an orc high priest
 14217 | Orc:2    | Reached XP level 12. HP: 87/87 MP: 23/28
 14250 | Orc:2    | Noticed an orc high priest
 14283 | Orc:2    | Killed an orc high priest
 14359 | Orc:2    | Found Ublozoz's Weapon Boutique.
 14365 | Orc:2    | Found Helory's Jewellery Emporium.
 14370 | Orc:2    | Found Iqell's General Store.
 14374 | Orc:2    | Bought a scroll of fear for 42 gold pieces
 14376 | Orc:2    | Found Bafysale's Weapon Boutique.
 14638 | Orc:2    | Reached skill level 5 in Evocations
 14870 | Elf:1    | Entered Level 1 of the Elven Halls
 14870 | Elf:1    | Noticed Azrael
 14973 | Orc:2    | Bought an uncursed ring of wizardry for 420 gold pieces
 14973 | Orc:2    | Bought an uncursed amulet of magic regeneration for 420 gold pieces
 15093 | D:11     | Found Damoo's Distillery.
 15093 | D:11     | Noticed a centaur warrior
 15200 | D:11     | Killed a centaur warrior
 15475 | Lair:1   | Learned a level 4 spell: Passage of Golubria
 15539 | Lair:1   | Reached skill level 1 in Shields
 15598 | Lair:1   | Noticed Grum
 15610 | Lair:1   | Killed Grum
 15633 | Lair:1   | Noticed Nergalle
 15653 | Lair:1   | Killed Nergalle
 15848 | Lair:2   | Found a staircase to the Shoals.
 15889 | Shoals:1 | Entered Level 1 of the Shoals
 15889 | Shoals:1 | Noticed a merfolk aquamancer
 16549 | Lair:3   | Noticed a four-headed hydra
 16559 | Lair:3   | Killed a four-headed hydra
 16559 | Lair:3   | Reached skill level 5 in Shields
 16665 | Lair:4   | Found a hole to the Spider Nest.
 16675 | Spider:1 | Entered Level 1 of the Spider Nest
 17007 | Lair:4   | Found an ancient bone altar of Kikubaaqudgha.
 17070 | Lair:4   | Reached ****** piety under Kikubaaqudgha
 17080 | Lair:4   | Received a gift from Kikubaaqudgha
 17131 | Lair:5   | Found a staircase to the Slime Pits.
 17408 | Lair:5   | Reached skill level 1 in Translocations
 17443 | Lair:6   | Entered Level 6 of the Lair of Beasts
 17528 | Lair:6   | Noticed Nessos
 17606 | Lair:6   | Noticed a five-headed hydra
 17624 | Lair:6   | Killed a five-headed hydra
 17624 | Lair:6   | Gained mutation: You are in touch with the powers of death. [Mummy growth]
 17624 | Lair:6   | Reached XP level 13. HP: 93/93 MP: 12/29
 18471 | Shoals:1 | Noticed Donald
 18481 | Shoals:1 | Noticed Nikola
 18482 | Shoals:1 | Killed Donald
 18588 | Lair:4   | Learned a level 2 spell: Shroud of Golubria
 18840 | Spider:1 | Reached skill level 13 in Spellcasting
 19242 | Spider:1 | Reached skill level 14 in Spellcasting
 19312 | Spider:1 | Got a crystal rapier
 19313 | Spider:1 | Identified the +8 rapier "Donnapn" {venom, Int+4} (You found it on level 1 of the Spider Nest)
 19577 | Orc:2    | Bought the cursed +1 arbalest of Keagy {freeze, rElec} for 337 gold pieces
 19587 | Orc:2    | Bought an uncursed ring of protection from fire for 350 gold pieces
 20137 | Shoals:1 | Noticed Aizul
 20276 | Lair:2   | Killed Aizul
 20276 | Lair:2   | Reached skill level 15 in Spellcasting
 20423 | Shoals:1 | Noticed Dragoran's ghost (adept SpEn)
 20447 | Shoals:1 | Killed Dragoran's ghost
 20481 | Shoals:1 | Reached XP level 14. HP: 99/99 MP: 29/33
 21105 | Shoals:2 | Noticed a kraken
 21403 | Shoals:2 | Reached skill level 10 in Necromancy
 21863 | Shoals:3 | Found Siuj's Book Emporium.
 21864 | Shoals:3 | Found Liuts's Distillery.
 21876 | Shoals:3 | Learned a level 7 spell: Haunt
 22229 | Shoals:3 | Noticed Mara
 22552 | Orc:2    | Bought an uncursed ring of see invisible for 210 gold pieces
 22788 | Spider:2 | Noticed a ghost moth
 23017 | Spider:4 | Entered Level 4 of the Spider Nest
 23034 | Spider:4 | Noticed Asanbosam's ghost (adept DDFi)
 23189 | Spider:4 | Upgraded the game from 0.21-a0-88-g13b9641 to 0.21-a0-91-ga5031da
 23307 | Spider:4 | Noticed an entropy weaver
 23321 | Spider:4 | Killed an entropy weaver
 23399 | Spider:4 | Noticed an emperor scorpion
 23531 | Spider:3 | Killed an emperor scorpion
 23870 | Spider:4 | Noticed an emperor scorpion
 23893 | Spider:4 | Killed an emperor scorpion
 23938 | Spider:4 | Reached skill level 5 in Summonings
 23964 | Spider:4 | Noticed an emperor scorpion
 24012 | Spider:4 | Killed Asanbosam's ghost
 24017 | Spider:4 | Killed an emperor scorpion
 24060 | Spider:4 | Noticed an emperor scorpion
 24061 | Spider:4 | Noticed an emperor scorpion
 24086 | Spider:4 | Killed an emperor scorpion
 24094 | Spider:4 | Noticed a ghost moth
 24103 | Spider:4 | Killed a ghost moth
 24154 | Spider:4 | Identified the +2 halberd of Ocvor {holy, *Noise +Inv rN+ SInv} (You found it on level 4 of the Spider Nest)
 24173 | Spider:4 | Noticed an emperor scorpion
 24211 | Spider:4 | Noticed a ghost moth
 24228 | Spider:4 | Killed an emperor scorpion
 24228 | Spider:4 | Reached XP level 15. HP: 82/105 MP: 6/34
 24263 | Spider:4 | Killed a ghost moth
 24339 | Spider:4 | Got a gossamer rune of Zot
 24629 | D:12     | Identified a +2 pair of boots of running (You found it on level 12 of the Dungeon)
 24659 | D:12     | Learned a level 3 spell: Ozocubu's Armour
 24902 | D:14     | Found a gate to the Vaults.
 24902 | D:14     | Noticed Rupert
 25591 | D:13     | Reached skill level 16 in Spellcasting
 25802 | D:14     | Noticed Asanbosam's ghost (journeyman DDFi)
 25831 | D:14     | Killed Asanbosam's ghost
 26110 | D:14     | Reached skill level 17 in Spellcasting
 26361 | D:15     | Entered Level 15 of the Dungeon
 26366 | Vaults:1 | Entered Level 1 of the Vaults
 26438 | Vaults:1 | Reached skill level 5 in Dodging
 27266 | Vaults:2 | Found Sujama's Distillery.
 27299 | Vaults:2 | Found a staircase to the Crypt.
 27341 | Crypt:1  | Entered Level 1 of the Crypt
 27377 | Crypt:1  | Noticed a revenant
 27381 | Crypt:1  | Killed a revenant
 27431 | Crypt:1  | Reached XP level 16. HP: 101/111 MP: 5/37
 28098 | Crypt:3  | Entered Level 3 of the Crypt
 28431 | Crypt:3  | Got an iridescent rapier
 28432 | Crypt:3  | Identified the +4 rapier of Suedymo {pain, *Drain rF+++ MR- Dex+8} (You found it on level 3 of the Crypt)
 28736 | Crypt:3  | Noticed a lich
 28753 | Crypt:3  | Killed a lich
 28775 | Crypt:3  | Noticed an ancient lich
 28776 | Crypt:3  | Found an ancient bone altar of Kikubaaqudgha.
 28793 | Crypt:3  | Killed an ancient lich
 28921 | Crypt:3  | Noticed a lich
 28938 | Crypt:3  | Killed a lich
 29253 | Crypt:3  | Noticed a bone dragon
 29288 | Crypt:3  | Killed a bone dragon
 29475 | Crypt:3  | Found a staircase to the Tomb.
 29489 | Tomb:1   | Entered Level 1 of the Tomb of the Ancients
 29888 | D:15     | Got a faintly humming helmet
 29894 | D:15     | Identified the +2 helmet of Nihilism {rC+ rN+ Regen+ Int+4} (You found it on level 15 of the Dungeon)
 30362 | D:15     | Learned a level 8 spell: Infestation
 30386 | D:15     | Reached skill level 18 in Spellcasting
 30405 | D:15     | Found a staircase to the Depths.
 31086 | Shoals:3 | Bought a book of the Sky for 1040 gold pieces
 31093 | Shoals:3 | Learned a level 6 spell: Deflect Missiles
 31130 | Shoals:3 | Reached XP level 17. HP: 117/117 MP: 34/39
 31260 | Shoals:3 | Killed Mara
 31383 | Shoals:4 | Entered Level 4 of the Shoals
 31413 | Shoals:4 | Reached skill level 1 in Charms
 31614 | Shoals:4 | Reached skill level 15 in Necromancy
 31623 | Shoals:3 | Found Meiriwif's Gadget Boutique.
 31759 | Shoals:4 | Noticed a kraken
 31777 | Shoals:4 | Killed a kraken
 31982 | Shoals:4 | Noticed Jorgrun
 31984 | Shoals:4 | Noticed Ilsuiw
 31989 | Shoals:4 | Killed Jorgrun
 31990 | Shoals:4 | Killed Ilsuiw
 32066 | Shoals:4 | Got a barnacled rune of Zot
 32385 | Shoals:3 | Found Ludoud's Jewellery Shop.
 32624 | Slime:1  | Entered Level 1 of the Pits of Slime
 32628 | Slime:1  | Noticed an Ice Fiend
 32651 | Lair:5   | Killed an Ice Fiend
 32802 | Slime:4  | Noticed an acid blob
 32807 | Slime:3  | Killed an acid blob
 32827 | Slime:5  | Entered Level 5 of the Pits of Slime
 32842 | Slime:5  | Noticed an acid blob
 32847 | Slime:5  | Killed an acid blob
 32869 | Slime:5  | Noticed an acid blob
 32871 | Slime:5  | Killed an acid blob
 32915 | Slime:5  | Noticed an acid blob
 32917 | Slime:5  | Noticed an acid blob
 32919 | Slime:5  | Killed an acid blob
 32920 | Slime:5  | Killed an acid blob
 32928 | Slime:5  | Noticed an acid blob
 32930 | Slime:5  | Killed an acid blob
 32957 | Slime:5  | Noticed an acid blob
 32958 | Slime:5  | Killed an acid blob
 32966 | Slime:5  | Noticed the Royal Jelly
 32968 | Slime:5  | Noticed an acid blob
 32968 | Slime:5  | Noticed an acid blob
 32968 | Slime:5  | Killed an acid blob
 32969 | Slime:5  | Noticed an acid blob
 32969 | Slime:5  | Noticed an acid blob
 32969 | Slime:5  | Noticed an acid blob
 32969 | Slime:5  | Killed an acid blob
 32970 | Slime:5  | Noticed an acid blob
 32971 | Slime:5  | Killed an acid blob
 32971 | Slime:5  | Killed an acid blob
 32972 | Slime:5  | Noticed an acid blob
 32972 | Slime:5  | Killed the Royal Jelly
 32973 | Slime:5  | Noticed an acid blob
 32973 | Slime:5  | Killed an acid blob
 32974 | Slime:5  | Noticed an acid blob
 32974 | Slime:5  | Noticed an acid blob
 32975 | Slime:5  | Noticed an acid blob
 32975 | Slime:5  | Killed an acid blob
 32979 | Slime:5  | Killed an acid blob
 32979 | Slime:5  | Killed an acid blob
 32979 | Slime:5  | Killed an acid blob
 32980 | Slime:5  | Killed an acid blob
 32990 | Slime:5  | Killed an acid blob
 33045 | Slime:5  | Got a slimy rune of Zot
 33135 | Slime:5  | Got a fine war axe
 33136 | Slime:5  | Identified the +10 war axe of Koolygug {chop, rF+ Str+2 Dex+8} (You found it on level 5 of the Pits of Slime)
 33142 | Slime:5  | Got a bound pewter amulet
 33143 | Slime:5  | Identified the amulet of Okawaru's Hatred {Spirit *Slow rPois Dex+8 Stlth+} (You found it on level 5 of the Pits of Slime)
 34089 | Vaults:5 | Entered Level 5 of the Vaults
 34104 | Vaults:5 | Reached XP level 18. HP: 129/129 MP: 15/40
 34116 | Vaults:5 | Reached skill level 10 in Fighting
 34137 | Vaults:5 | Noticed a tentacled monstrosity
 34139 | Vaults:5 | Noticed a tentacled monstrosity
 34142 | Vaults:5 | Killed a tentacled monstrosity
 34147 | Vaults:5 | Noticed Frederick
 34250 | Vaults:5 | Noticed a golden dragon
 34255 | Vaults:5 | Killed a golden dragon
 34399 | Vaults:5 | Killed Frederick
 34486 | Vaults:5 | Learned a level 6 spell: Simulacrum
 34487 | Vaults:5 | Identified the quicksilver dragon scales "Jamem" {MR+ Int+3} (You found it on level 5 of the Vaults)
 34661 | Vaults:5 | Killed a tentacled monstrosity
 34701 | Vaults:5 | Got a scorched sapphire amulet
 34702 | Vaults:5 | Identified the amulet "Saloav" {Faith *Slow MR+ Str+6 SInv} (You acquired it on level 5 of the Vaults)
 34742 | Vaults:5 | Noticed an ancient lich
 34760 | Vaults:5 | Killed an ancient lich
 34773 | Vaults:5 | Noticed an ancient lich
 34781 | Vaults:5 | Killed an ancient lich
 34781 | Vaults:5 | Reached skill level 19 in Spellcasting
 34845 | Vaults:5 | Reached skill level 1 in Armour
 34914 | Vaults:5 | Got a crystal broad axe {chop}
 34915 | Vaults:5 | Identified the +10 broad axe "Toira" {chop, rF- Int+5 SInv} (You took it off an ogre mage on level 5 of the Vaults)
 34938 | Vaults:5 | Reached XP level 19. HP: 144/144 MP: 6/42
 35048 | Vaults:5 | Learned a level 1 spell: Apportation
 35050 | Vaults:5 | Learned a level 1 spell: Summon Butterflies
 35058 | Vaults:5 | Got a silver rune of Zot
 35059 | Vaults:5 | Identified the Guide on Evil and Lightness
 35250 | Vaults:5 | Identified the Volume of Blistering Clay
 35406 | Vaults:4 | Reached skill level 1 in Stealth
 36029 | Tomb:1   | Noticed a greater mummy
 36039 | Tomb:1   | Killed a greater mummy
 36049 | Tomb:1   | Noticed a greater mummy
 36052 | Tomb:1   | Killed a greater mummy
 36063 | Tomb:1   | Reached skill level 10 in Dodging
 36284 | Tomb:2   | Noticed a greater mummy
 36287 | Tomb:2   | Noticed a greater mummy
 36300 | Tomb:2   | Noticed a greater mummy
 36367 | Tomb:2   | Noticed a greater mummy
 36376 | Tomb:2   | Killed a greater mummy
 36447 | Tomb:2   | Reached skill level 1 in Polearms
 36488 | Tomb:2   | Killed a greater mummy
 36558 | Tomb:2   | Killed a greater mummy
 36597 | Tomb:2   | Got a flickering iron amulet
 36598 | Tomb:2   | Identified the amulet of Icupt {Reflect Str+4 Slay+4 SH+3} (You acquired it on level 2 of the Tomb of the Ancients)
 36763 | Tomb:1   | Noticed a greater mummy
 36765 | Tomb:1   | Noticed a greater mummy
 36765 | Tomb:1   | Noticed a greater mummy
 36767 | Tomb:1   | Noticed a greater mummy
 36771 | Tomb:1   | Killed a greater mummy
 36775 | Tomb:1   | Noticed a greater mummy
 36780 | Tomb:1   | Noticed a greater mummy
 36790 | Tomb:2   | Killed a greater mummy
 36839 | Tomb:1   | Killed a greater mummy
 36843 | Tomb:1   | Killed a greater mummy
 36935 | Tomb:1   | Noticed a greater mummy
 37023 | Tomb:2   | Killed a greater mummy
 37023 | Tomb:2   | Reached skill level 5 in Polearms
 37044 | Tomb:1   | Noticed a greater mummy
 37050 | Tomb:1   | Killed a greater mummy
 37051 | Tomb:1   | Killed a greater mummy
 37053 | Tomb:1   | Killed a greater mummy
 37060 | Tomb:1   | Noticed a greater mummy
 37071 | Tomb:1   | Killed a greater mummy
 37107 | Tomb:1   | Noticed a greater mummy
 37114 | Tomb:1   | Killed a greater mummy
 37137 | Tomb:1   | Noticed a greater mummy
 37142 | Tomb:1   | Noticed a greater mummy
 37153 | Tomb:1   | Killed a greater mummy
 37160 | Tomb:1   | Killed a greater mummy
 37160 | Tomb:1   | Reached XP level 20. HP: 153/153 MP: 18/43
 37191 | Tomb:1   | Noticed a greater mummy
 37203 | Tomb:1   | Killed a greater mummy
 37213 | Tomb:1   | Noticed a greater mummy
 37221 | Tomb:1   | Killed a greater mummy
 37229 | Tomb:1   | Noticed a greater mummy
 37229 | Tomb:1   | Noticed a greater mummy
 37235 | Tomb:1   | Killed a greater mummy
 37235 | Tomb:1   | Reached skill level 10 in Evocations
 37240 | Tomb:1   | Noticed a greater mummy
 37244 | Tomb:1   | Killed a greater mummy
 37291 | Tomb:1   | Killed a greater mummy
 37465 | Tomb:2   | Learned a level 2 spell: Swiftness
 37466 | Tomb:3   | Entered Level 3 of the Tomb of the Ancients
 37500 | Zig:1    | Entered Level 1 of a ziggurat
 37561 | Zig:1    | Noticed Eguy the pandemonium lord
 37599 | Zig:1    | Killed Eguy the pandemonium lord
 37616 | Zig:2    | Entered Level 2 of a ziggurat
 37652 | Zig:3    | Entered Level 3 of a ziggurat
 37683 | Zig:4    | Entered Level 4 of a ziggurat
 37716 | Zig:4    | Identified the Compendium of Wyrd
 37758 | Zig:5    | Entered Level 5 of a ziggurat
 37823 | Zig:6    | Entered Level 6 of a ziggurat
 37896 | Zig:7    | Entered Level 7 of a ziggurat
 37931 | Zig:8    | Entered Level 8 of a ziggurat
 38009 | Zig:9    | Entered Level 9 of a ziggurat
 38031 | Zig:9    | Learned a level 6 spell: Dispersal
 38110 | Zig:9    | Noticed Gistu the pandemonium lord
 38120 | Zig:10   | Entered Level 10 of a ziggurat
 38142 | Zig:10   | Noticed an ancient lich
 38167 | Zig:10   | Killed an ancient lich
 38196 | Zig:10   | Identified Ominer's Grimoire of the Serpent
 38238 | Tomb:3   | Noticed a greater mummy
 38311 | Tomb:3   | Noticed a greater mummy
 38318 | Tomb:3   | Noticed an ancient lich
 38330 | Tomb:3   | Noticed a greater mummy
 38330 | Tomb:3   | Noticed a greater mummy
 38331 | Tomb:3   | Noticed an ancient lich
 38333 | Tomb:3   | Noticed a greater mummy
 38343 | Tomb:3   | Noticed a greater mummy
 38348 | Tomb:3   | Killed an ancient lich
 38348 | Tomb:3   | Reached skill level 5 in Translocations
 38349 | Tomb:3   | Killed a greater mummy
 38405 | Tomb:3   | Killed a greater mummy
 38425 | Tomb:3   | Killed a greater mummy
 38430 | Tomb:3   | Killed an ancient lich
 38447 | Tomb:3   | Killed a greater mummy
 38509 | Tomb:3   | Identified the Grimoire of Virous Darkness
 38515 | Tomb:3   | Identified The Foundations of Wizardry
 38538 | Tomb:3   | Identified the ring "Qeossaeff" {AC+4 Str+2 Stlth+} (You found it on level 3 of the Tomb of the Ancients)
 38539 | Tomb:3   | Identified the cursed ring of Beoxzalu {rC+ Str-5} (You found it on level 3 of the Tomb of the Ancients)
 38540 | Tomb:3   | Identified the ring "Xukkoq" {+Fly rPois rN+++ MP+9 Dex-4} (You found it on level 3 of the Tomb of the Ancients)
 38708 | Tomb:3   | Killed a greater mummy
 38717 | Tomb:3   | Killed a greater mummy
 38732 | Tomb:3   | Got a golden rune of Zot
 38777 | Tomb:3   | Identified the +2 robe of Vasaw {rF+ rC+ MR+ Str+3} (You found it on level 3 of the Tomb of the Ancients)
 39217 | Depths:1 | Entered Level 1 of the Depths
 39325 | Depths:1 | Found a gateway to Hell.
 39339 | Hell     | Entered the Vestibule of Hell
 39339 | Hell     | Noticed Geryon
 39359 | Hell     | Killed Geryon
 39562 | Depths:2 | Noticed a juggernaut
 39562 | Depths:2 | Noticed a golden dragon
 39616 | Depths:2 | Killed a juggernaut
 39616 | Depths:2 | Reached XP level 21. HP: 159/159 MP: 6/44
 39619 | Depths:2 | Killed a golden dragon
 39700 | Depths:2 | Identified the +1 scale mail of Akoitane {rPois rN+} (You found it on level 2 of the Depths)
 39803 | Hell     | Found a gateway to the Iron City of Dis.
 39816 | Dis:1    | Entered Level 1 of the Iron City of Dis
 39816 | Dis:1    | Found a gateway to Hell.
 39929 | Dis:1    | You fall through a shaft!
 39952 | Dis:2    | Reached skill level 5 in Charms
 39972 | Dis:2    | Found a gateway to Hell.
 40063 | Dis:3    | Found a gateway to Hell.
 40089 | Dis:3    | Found a gateway to Hell.
 40141 | Dis:4    | Found a gateway to Hell.
 40428 | Dis:5    | Found a gateway to Hell.
 40570 | Dis:7    | Entered Level 7 of the Iron City of Dis
 40570 | Dis:7    | Found a gateway to Hell.
 40570 | Dis:7    | Found a gateway to Hell.
 41019 | Dis:7    | Identified the cursed +0 leather armour of Impermeability {Regen+ Int-4 Stlth+} (You found it on level 7 of the Iron City of Dis)
 41380 | Dis:7    | Identified the Disquisition on Mutagenic Summoning
 41384 | Dis:7    | Identified the +2 pair of gloves of the Nine Spirits {Int+5} (You found it on level 7 of the Iron City of Dis)
 41511 | Dis:7    | Noticed Dispater
 41526 | Dis:7    | Killed Dispater
 41562 | Dis:7    | Got an iron rune of Zot
 41665 | Dis:7    | Found a gateway to Hell.
 41756 | Hell     | Found a gateway to the decaying netherworld of Tartarus.
 41800 | Tar:1    | Entered Level 1 of Tartarus
 41800 | Tar:1    | Found a gateway to Hell.
 41860 | Tar:1    | Reached skill level 10 in Translocations
 42063 | Tar:1    | Reached XP level 22. HP: 166/166 MP: 30/45
 42081 | Tar:2    | Found a gateway to Hell.
 42102 | Tar:3    | Found a gateway to Hell.
 42161 | Tar:4    | Found a gateway to Hell.
 42189 | Tar:5    | Found a gateway to Hell.
 42193 | Tar:6    | Found a gateway to Hell.
 42376 | Tar:6    | Found a gateway to Hell.
 42395 | Tar:6    | Found a gateway to Hell.
 42417 | Tar:7    | Entered Level 7 of Tartarus
 42417 | Tar:7    | Found a gateway to Hell.
 42879 | Tar:7    | Noticed Ereshkigal
 42892 | Tar:7    | Killed Ereshkigal
 42943 | Tar:7    | Got a bone rune of Zot
 43157 | Hell     | Found a gateway to the freezing wastes of Cocytus.
 43179 | Coc:1    | Entered Level 1 of Cocytus
 43179 | Coc:1    | Found a gateway to Hell.
 43214 | Coc:2    | Found a gateway to Hell.
 43234 | Coc:3    | Found a gateway to Hell.
 43240 | Coc:4    | Found a gateway to Hell.
 43365 | Coc:4    | Found a gateway to Hell.
 43477 | Coc:5    | Found a gateway to Hell.
 43477 | Coc:5    | Found a gateway to Hell.
 43508 | Coc:5    | Noticed a shard shrike
 43511 | Coc:5    | Killed a shard shrike
 43528 | Coc:6    | Found a gateway to Hell.
 43539 | Coc:7    | Entered Level 7 of Cocytus
 43539 | Coc:7    | Found a gateway to Hell.
 43539 | Coc:7    | Found a gateway to Hell.
 43539 | Coc:7    | Found a gateway to Hell.
 43826 | Coc:7    | Noticed Antaeus
 43841 | Coc:7    | Killed Antaeus
 43890 | Coc:7    | Got an icy rune of Zot
 43892 | Coc:7    | Identified the cursed +1 dagger "Istrum" {freeze, Str+2 Stlth+} (You found it on level 7 of Cocytus)
 44055 | Hell     | Learned a level 8 spell: Controlled Blink
 44068 | Hell     | Found a gateway to the ashen valley of Gehenna.
 44113 | Geh:1    | Entered Level 1 of Gehenna
 44113 | Geh:1    | Found a gateway to Hell.
 44157 | Geh:1    | Reached skill level 5 in Stealth
 44208 | Geh:2    | Found a gateway to Hell.
 44224 | Geh:3    | Found a gateway to Hell.
 44261 | Geh:4    | Found a gateway to Hell.
 44366 | Geh:5    | Found a gateway to Hell.
 44366 | Geh:5    | Found a gateway to Hell.
 44500 | Geh:6    | Found a gateway to Hell.
 44631 | Geh:7    | Entered Level 7 of Gehenna
 44631 | Geh:7    | Found a gateway to Hell.
 44631 | Geh:7    | Found a gateway to Hell.
 44631 | Geh:7    | Found a gateway to Hell.
 44631 | Geh:7    | Found a gateway to Hell.
 44757 | Geh:7    | Reached XP level 23. HP: 172/172 MP: 35/46
 44849 | Geh:7    | Identified the ring "Huetid" {rCorr Int+3 Stlth+} (You found it on level 7 of Gehenna)
 44893 | Geh:7    | Noticed the Serpent of Hell
 44906 | Geh:7    | Killed the Serpent of Hell
 45165 | Geh:7    | Reached skill level 1 in Ice Magic
 45200 | Geh:7    | Identified the Incunabulum of Creation and Weightlessness
 45318 | Geh:7    | Noticed Asmodeus
 45365 | Geh:7    | Killed Asmodeus
 45401 | Geh:7    | Got an obsidian rune of Zot
 45717 | Depths:2 | Found a gateway to a ziggurat.
 45721 | Depths:3 | Noticed Saint Roka
 45823 | Depths:3 | Found a one-way gate to the infinite horrors of the Abyss.
 45827 | Depths:3 | Killed Saint Roka
 45931 | Depths:3 | Found a one-way gate leading to the halls of Pandemonium.
 45958 | Pan      | Entered Pandemonium
 46316 | Pan      | Noticed a seraph
 46342 | Pan      | Killed a seraph
 46395 | Pan      | Found a glowing golden altar of the Shining One.
 46420 | Pan      | Identified the ring of Xom's Passing Interest {*Contam rF+ rC+ MR+} (You found it in Pandemonium)
 46421 | Pan      | Identified the ring of Opitumem {rPois rF+ Int+6} (You found it in Pandemonium)
 46422 | Pan      | Got a demonic rune of Zot
 46463 | Depths:3 | Escaped Pandemonium
 46467 | Pan      | Entered Pandemonium
 46742 | Pan      | Reached skill level 15 in Translocations
 47543 | Pan      | Noticed Laxoxit the pandemonium lord
 47556 | Pan      | Killed Laxoxit the pandemonium lord
 47659 | Pan      | Noticed Retacwe the pandemonium lord
 47675 | Pan      | Killed Retacwe the pandemonium lord
 47675 | Pan      | Reached skill level 10 in Stealth
 47705 | Pan      | Found an exit through the horrors of the Abyss.
 47788 | Pan      | Learned a level 2 spell: Passwall
 47838 | Pan      | Found a runed door.
 47847 | Pan      | Found a runed door.
 47862 | Pan      | Found a runed door.
 47925 | Pan      | Reached XP level 24. HP: 159/178 MP: 12/46
 48187 | Pan      | Found an exit through the horrors of the Abyss.
 48239 | Pan      | Got a pitted wooden ring
 48240 | Pan      | Identified the ring "Neirust" {rF+ Dex+3} (You found it in Pandemonium)
 48261 | Pan      | Entered the realm of Mnoleg.
 48261 | Pan      | Found an exit through the horrors of the Abyss.
 48383 | Pan      | Noticed Mnoleg
 48418 | Pan      | Paralysed by a floating eye for 3 turns
 48443 | Pan      | Killed Mnoleg
 48508 | Pan      | Got a glowing rune of Zot
 48625 | Pan      | Entered the realm of Cerebov.
 48957 | Pan      | Noticed Cerebov
 48988 | Pan      | Killed Cerebov
 49014 | Pan      | Identified the Incunabulum of the Snowflakes and Transmutation
 49024 | Pan      | Got a fiery rune of Zot
 49025 | Pan      | Identified the amulet of the Postmodern Tales {rPois Regen+ Int+3} (You found it in Pandemonium)
 49233 | Pan      | Entered the realm of Gloorx Vloq.
 49638 | Pan      | Noticed Gloorx Vloq
 49645 | Pan      | Killed Gloorx Vloq
 49668 | Pan      | Got a dark rune of Zot
 50437 | Pan      | Noticed Ikoan the pandemonium lord
 50452 | Pan      | Killed from afar by Ikoan the pandemonium lord

Vault maps used:
D:1:      sevenhm_arrival_forest_fort_large_4
D:2:      grunt_temple_overflow_order_and_chaos_1,
          chequers_ecumenical_altar_simple, first_bread, serial_bayou_crossing,
          uniq_terence
D:3:      fedhas_altar_4, uniq_robin
D:4:      old_standard_altar, serial_shops, shop_fountains, minmay_ruptured
D:5:      dancing_weapons_uskayaw, grunt_gozag_statues, bloody_trog
D:6:      minmay_holes
D:7:      cheibrodos_ashenzari_chains, minmay_temple_entry_fiery, uniq_duvessa
D:9:      minmay_cut_squares, nicolae_dithmenos_the_darkroom, serial_shops,
          nicolae_shop_statue_plus
D:10:     grunt_lair_entry_orc_guard_hut
D:11:     orc_0_dummy, serial_shops, shop, the_bakery, uniq_maurice
D:12:     billiards_dpeg
D:14:     david_vaults_3, minmay_misc_feat_iff
D:15:     grunt_enter_depths_magical_seal, minmay_strange_pillars,
          hangedman_decor_riveting
Temple:   dshaligram_water_room_temple
Lair:1:   serial_bayou_shore_b, lemuel_fruit_tree, grunt_megastairs_3,
          uniq_grum, uniq_nergalle
Lair:2:   beast_lair_carwin_large_1, minmay_shoals_entry_hut, st_stairs_13,
          lemuel_fruit_fields, infiniplex_staircase_pool_2
Lair:3:   grunt_megastairs_4
Lair:4:   dummy_spider_entry, basic_altar
Lair:5:   minmay_slime_entry_oklob_open, serial_bayou_shore_b
Lair:6:   minmay_lair_end_frog_pond, serial_bayou_shore_b, uniq_nessos
Shoals:1: lemuel_oklob_altar, uniq_aizul, uniq_nikola, uniq_donald
Shoals:2: hangedman_shoal_volcano
Shoals:3: serial_shops, shop, nicolae_shop_competitors_out_of_business,
          shop_statue, shop, nicolae_shoals_aquamancer_cove, uniq_mara
Shoals:4: shoals_end_hangedman, shoals_ilsuiw_alternative, uniq_jorgrun
Spider:1: hangedman_spider_mandibles
Spider:2: spider_trap
Spider:3: nicolae_spider_nook
Spider:4: grunt_spider_rune_circles
Slime:2:  nicolae_slime_barrier
Slime:3:  basic_altar
Slime:4:  cheibrodos_slime_lost_civilization_6
Orc:2:    st_orc_elflike
Elf:1:    serial_shops, bzr_entry_gold, nicolae_shop_crystal,
          nicolae_shop_statue_plus, orc_legates, uniq_azrael
Vaults:1: grunt_vaults_bifocal, nicolae_vaults_big_ls, vaults_room_pools
Vaults:2: ontoclasm_vaults_claustrophobia, hangedman_vaults_stretched_pinwheel,
          v_pattern_1, nicolae_vaults_shelves_hall, vaults_room_pool,
          vaults_room_fours, minmay_crypt_entry_simple_corners,
          hangedman_vaults_locks, ontoclasm_vaults_decontamination,
          vaults_dpeg_ring, serial_shops, nicolae_shop_waterfront
Vaults:3: v_rooms_1, v_misc_11, nicolae_vaults_what_the_h,
          ontoclasm_vaults_ligature, vaults_dpeg_diagonal,
          nicolae_vaults_yaktaur_gun_rack, vaults_room_ringed_pool,
          nicolae_vaults_network_periphery, dpeg_vaults_monster_box,
          serial_shops, shop
Vaults:4: nicolae_vaults_arrows, v_misc_13, v_alt_pattern_3,
          ontoclasm_vaults_chip, nicolae_vaults_bisected_slash,
          nicolae_vaults_theta, ontoclasm_vaults_fault,
          hangedman_vaults_stagger, vaults_standard_mumra_enter_the_diamond,
          v_misc_23, v_misc_1, vaults_room_stairs_pillars,
          ontoclasm_vaults_twist, serial_shops, shop
Vaults:5: serial_shops, uniq_frederick
Crypt:1:  hex_large, st_stairs_12
Crypt:2:  uniq_khufu
Crypt:3:  cryptofortress_bobbens
Depths:1: nicolae_trove_entry_free_sample, serial_sigils_hangedman_confine,
          rand_demon_pan_entry_1, grunt_hell_entry_dis_grunt,
          lemuel_freeze_loot_1, firewood_loft, minmay_shop_grove
Depths:2: minmay_expanding_circles, enter_ziggurat_b, hell_entry, serial_bayou,
          serial_bayou_lagoon_b, serial_bayou_pond_d, serial_bayou_lagoon_a,
          serial_bayou_pond_c, grunt_pan_entry_zigzag, bh_chokoban
Depths:3: minmay_diamond_stairs, abyss_entry, minmay_stone_trees_small,
          pf_hell_entry_tar_river, pan_entry, onia_ninara_dug_in_and_dangerous,
          uniq_saint_roka
Dis:1:    hangedman_dis_decor_blocks_talon
Dis:7:    iron_city_of_dis
Geh:7:    geh_grunt
Coc:6:    lemuel_elevator
Coc:7:    coc_grunt
Tar:1:    nicolae_tar_cuneiform_heaven
Tar:2:    door_vault
Tar:7:    tar_minmay_river
Pan:      evilmike_holy_pan, evilmike_mini_pan_layers, pan_blood_fountain_small,
          reaverb_pan_squares, nicolae_pan_gloorx_vloqian_1, pan_disco_hall,
          nicolae_pan_glass_arcs, lemuel_hall_of_pain, nicolae_pan_diamonds,
          nicolae_pan_lom_lobonic_4, evilmike_mini_pan_branches,
          nicolae_pan_lom_lobonic_4, evilmike_mini_pan_branches,
          nicolae_pan_sigil_uleosi, evilmike_mini_pan_thingy, rand_demon_7,
          pan_surprise, mnoleg_grunt, evilmike_mini_pan_layers,
          pan_blood_fountain, cerebov_grunt_fire_and_steel,
          evilmike_gloorx_vloq_box, pan_blood_fountain_small, rand_demon_5,
          rand_demon_4, rand_demon_2

Skill      XL: |  1  2  3  4  5  6  7  8  9 10 11 12 13 14 15 16 17 18 19 20 21 22 23 24 |
---------------+-------------------------------------------------------------------------+-----
Crossbows      | 2 3 4 5 6 8 |  8.2
Conjurations   | 2 |  2.0
Fire Magic     | 3 |  3.0
Fighting       | 2 5 8 11 12 13 | 13.6
Spellcasting   | 6 9 12 15 17 18 19 | 19.0
Necromancy     | 5 8 12 14 17 18 | 18.0
Hexes          | 6 |  6.8
Summonings     | 3 6 7 |  7.0
Air Magic      | 2 3 |  3.9
Evocations     | 3 5 9 11 13 | 13.7
Dodging        | 4 8 9 10 13 | 13.9
Shields        | 5 |  5.6
Translocations | 2 4 8 10 13 15 | 15.5
Charms         | 1 2 5 |  5.3
Armour         | 2 4 |  4.4
Stealth        | 4 7 10 11 | 11.0
Polearms       | 6 |  6.4
Ice Magic      | 4 |  4.0

Action                   |  1- 3 |  4- 6 |  7- 9 | 10-12 | 13-15 | 16-18 | 19-21 | 22-24 || total
-------------------------+-------+-------+-------+-------+-------+-------+-------+-------++-------
Melee: Dagger            |    29 |    27 |    12 |     3 |       |       |       |       ||    71
       Staff             |       |       |       |     9 |     5 |     7 |     6 |     3 ||    30
       Trident           |       |       |       |       |    42 |    15 |       |       ||    57
       Demon trident     |       |       |       |       |       |    18 |    57 |    19 ||    94
 Fire: Hand crossbow     |    98 |   125 |   300 |   194 |   334 |   122 |       |       ||  1173
       Arbalest          |       |       |       |     3 |     6 |       |       |       ||     9
Throw: Tomahawk          |       |       |    23 |     8 |       |       |       |       ||    31
       Javelin           |       |       |       |       |    12 |     3 |       |       ||    15
 Cast: Corona            |    37 |    14 |    23 |       |       |       |       |       ||    74
       Slow              |       |    11 |    13 |       |       |       |       |       ||    24
       Conjure Flame     |       |       |    22 |    20 |    40 |     2 |       |       ||    84
       Flame Tongue      |       |       |    37 |    12 |    12 |       |       |       ||    61
       Pain              |       |       |    57 |   340 |   217 |       |       |       ||   614
       Vampiric Draining |       |       |    11 |    97 |    95 |       |       |       ||   203
       Animate Skeleton  |       |       |     4 |     2 |       |       |       |       ||     6
       Animate Dead      |       |       |       |    42 |   128 |    21 |       |       ||   191
       Control Undead    |       |       |       |     9 |    36 |    70 |    73 |    48 ||   236
       Corpse Rot        |       |       |       |     4 |     2 |       |       |       ||     6
       Cause Fear        |       |       |       |     3 |     7 |     4 |     1 |       ||    15
       Summon Lightning  |       |       |       |   105 |   201 |    60 |     9 |     6 ||   381
       Mephitic Cloud    |       |       |       |    31 |   157 |    10 |       |       ||   198
       Blink             |       |       |       |     8 |    39 |    60 |    29 |    81 ||   217
       Passage of Golubr |       |       |       |     1 |     5 |    23 |     7 |    54 ||    90
       Shroud of Golubri |       |       |       |       |    56 |    21 |    35 |    33 ||   145
       Haunt             |       |       |       |       |     5 |   143 |   147 |   280 ||   575
       Ozocubu's Armour  |       |       |       |       |    15 |    32 |    33 |    36 ||   116
       Infestation       |       |       |       |       |       |   122 |   187 |   341 ||   650
       Deflect Missiles  |       |       |       |       |       |     2 |     8 |     5 ||    15
       Simulacrum        |       |       |       |       |       |     6 |    74 |    88 ||   168
       Apportation       |       |       |       |       |       |       |   187 |    93 ||   280
       Summon Butterflie |       |       |       |       |       |       |     4 |     2 ||     6
       Controlled Blink  |       |       |       |       |       |       |       |    10 ||    10
Invok: Receive Necronomi |       |       |       |     1 |       |       |       |       ||     1
       Receive Corpses   |       |       |       |       |    30 |    10 |    29 |    32 ||   101
       Torment           |       |       |       |       |     2 |       |     1 |       ||     3
Evoke: Wand              |       |       |    15 |     4 |    17 |     1 |     2 |     5 ||    44
       Staff of energy   |       |       |       |   133 |   390 |   493 |   751 |  1348 ||  3115
       Phial of floods   |       |       |       |       |     4 |     4 |       |     1 ||     9
       Lightning rod     |       |       |       |       |       |     3 |     1 |     1 ||     5
       Sack of spiders   |       |       |       |       |       |     3 |     2 |       ||     5
       Box of beasts     |       |       |       |       |       |       |     1 |     2 ||     3
       Fan of gales      |       |       |       |       |       |       |     1 |       ||     1
       Phantom mirror    |       |       |       |       |       |       |     1 |     1 ||     2
       Figurine of a zig |       |       |       |       |       |       |     1 |       ||     1
       Horn of Geryon    |       |       |       |       |       |       |     1 |     3 ||     4
       Lamp of fire      |       |       |       |       |       |       |     1 |     1 ||     2
       Crystal ball of e |       |       |       |       |       |       |       |    16 ||    16
  Use: Scroll            |       |     9 |    14 |    17 |    14 |    26 |    33 |    18 ||   131
 Stab: Sleeping          |       |     1 |       |       |       |       |       |       ||     1
       Distracted        |       |       |       |       |     1 |     1 |     2 |     1 ||     5
       Betrayed ally     |       |       |       |       |       |     2 |     6 |     3 ||    11
Armor: Leather armour    |    35 |    22 |    71 |    32 |       |       |       |       ||   160
       Robe              |     2 |       |       |       |     5 |    35 |       |    95 ||   137
       Troll leather arm |       |       |       |    67 |   160 |    34 |   112 |    61 ||   434
       Steam dragon scal |       |       |       |     2 |    48 |     8 |       |       ||    58
       Fire dragon scale |       |       |       |       |       |       |    13 |    68 ||    81
Dodge: Dodged            |    60 |    65 |   154 |   218 |   426 |   218 |   229 |   388 ||  1758
       Deflected         |       |       |       |       |       |    12 |    30 |    45 ||    87
Block: Buckler           |       |       |       |    32 |   175 |   106 |   137 |   224 ||   674
